 Dungeon Crawl Stone Soup version 0.26-a0-1129-gc5df7fbe6a (webtiles) character file.

Game seed: 18215667336930636050

1645 raph the Arsonist (level 8, -2/43 HPs)
             Began as a Deep Elf Fire Elementalist on Dec 18, 2020.
             Was a Believer of Sif Muna.
             Hit by a boomerang thrown by a gnoll (9 damage)
             ... on level 5 of the Dungeon.
             The game lasted 00:15:13 (7459 turns).

raph the Arsonist (Deep Elf Fire Elementalist)      Turns: 7459, Time: 00:15:13

Health: -2/43      AC:  4    Str:  6    XL:     8   Next: 67%
Magic:  8/15       EV: 14    Int: 22    God:    Sif Muna [**....]
Gold:   136        SH:  0    Dex: 21    Spells: 1/14 levels left

rFire    . . .     SeeInvis .   f - staff of death
rCold    . . .     Faith    .   (no shield)
rNeg     + . .     Spirit   .   y - +2 robe {Will+}
rPois    .         Reflect  .   (no helmet)
rElec    .         Harm     .   (no cloak)
rCorr    .         Rampage  .   (no gloves)
Will     +....                  (no boots)
Stlth    ++........             (no amulet)
HPRegen  0.14/turn              j - +6 ring of dexterity
MPRegen  0.14/turn              x - ring of wizardry

@: no status effects
A: no striking features
a: Renounce Religion, Channel Magic


You were on level 5 of the Dungeon.
You worshipped Sif Muna.
Sif Muna was pleased with you.
You visited 1 branch of the dungeon, and saw 5 of its levels.

You collected 191 gold pieces.
You spent 55 gold pieces at shops.

Inventory:

Hand Weapons
 a - a +0 dagger
 b - a +0 hunting sling of flaming
Missiles
 k - 30 poisoned darts
 q - 3 silver javelins
 B - 45 sling bullets
Armour
 g - a +1 robe
 y - a +2 robe of willpower (worn)
Magical Staves
 f - an uncursed staff of death (weapon)
Jewellery
 j - a +6 ring of dexterity (left hand)
 t - an uncursed ring of flight
 x - a ring of wizardry (right hand)
Scrolls
 d - 3 scrolls of remove curse
 e - 2 scrolls of amnesia
 i - a scroll of magic mapping
 l - 2 scrolls of fear
 m - a scroll of identify
 v - a scroll of enchant armour
 w - a scroll of teleportation
Potions
 c - 3 potions of brilliance
 h - 5 potions of curing
 n - 2 potions of degeneration
 o - 2 potions of lignification
 p - 2 potions of resistance
 r - 2 potions of heal wounds
 s - a potion of haste
 u - a potion of might
 z - a potion of flight {unknown}


   Skills:
 + Level 1.6 Fighting
 + Level 3.6 Dodging
 - Level 2.4 Stealth
 - Level 3.7 Spellcasting
 * Level 7.6 Conjurations
 * Level 8.4 Fire Magic
 * Level 2.8 Invocations
 - Level 1.1 Evocations


You had one spell level left.
You knew the following spells:

 Your Spells              Type           Power        Failure   Level
a - Foxfire               Conj/Fire      100%         1%          1
b - Conjure Flame         Conj/Fire      39%          1%          3
c - Sticky Flame          Conj/Fire      39%          1%          4
d - Fireball              Conj/Fire      19%          4%          5

Your spell library contained the following spells:

 Spells                   Type           Power        Failure   Level
 Inner Flame              Hex/Fire       22%          2%          3


Dungeon Overview and Level Annotations

Branches:
Dungeon (5/15)
 Temple: D:4-7

Altars:
Okawaru
Ru
Sif Muna
Trog
Yredelemnul

Shops:
D:5 !


Message History

* * * LOW HITPOINT WARNING * * *
The foxfire hits the gnoll but does no damage.
The gnoll is severely wounded.
The foxfire hits the gnoll.
The gnoll is almost dead.
Casting: Foxfire (safe; 1% risk of failure)
Confirm with . or Enter, or press ? or * to list all spells.
You conjure some foxfire!
The gnoll hits you.
* * * LOW HITPOINT WARNING * * *
Your foxfire dissipates!
The foxfire hits the gnoll!
You kill the gnoll!
Sif Muna accepts your kill.
You see here 3 boomerangs.
Things that are here:
a cursed -2 spear; a +0 scale mail; a +0 kite shield The gnoll throws a boomerang.
The boomerang misses you.
The weapon returns to the gnoll!
The gnoll throws a boomerang.
The boomerang hits you!
You die...

#.)....≈....... #..##..##
##......≈........ #.......#
#....†..≈.†......##........
....).##...≈....... .....#....
......# ##g.≈.....###...###....
...... ##.≈.†..###..#. ..#.#
...... ##(≈.........# .##.# .....
##..≈........## .# ..
.......##...).@.#....#
#................#. .
##.................# ..
##..(...≈)........## ...
##....()≈≈(........## ##
≈...##.....≈≈≈..##.......##.##
≈≈........≈≈...)...##.##.#...## #
≈≈≈≈≈≈≈≈≈≈≈....#.###..(.......###
...........(#((((..#..###..##..#.


You could see a gnoll.

Vanquished Creatures
  Grinder (D:3)
  An ice beast (D:5)
  A phantom (D:4)
  2 gnoll sergeants (D:5)
  3 scorpions (D:5)
  A jelly (D:5)
  An orc wizard (D:3)
  2 gnoll shamans (D:5)
  10 hounds
  2 iguanas
  4 worker ants
  A hound zombie (D:5)
  7 adders
  24 gnolls
  An ufetubus (D:5)
  An ooze (D:2)
  An adder zombie (D:5)
  A worm (D:2)
  3 dart slugs
  4 leopard geckos
  8 orcs (D:3)
  2 ball pythons
  5 giant cockroaches
  10 goblins
  2 hobgoblins
  13 jackals
  A quokka (D:5)
  9 bats
  5 frilled lizards
  9 kobolds
  5 rats
  A spectral orc (D:2)
141 creatures vanquished.

Vanquished Creatures (collateral kills)
  6 foxfires (D:1)
6 creatures vanquished.

Vanquished Creatures (others)
  518 foxfires
  11 plants (D:1)
529 creatures vanquished.

Grand Total: 676 creatures vanquished

Notes
Turn   | Place    | Note
-------+----------+-------------------------------------------
     0 | D:1      | raph the Deep Elf Fire Elementalist began the quest for the
                  | Orb.
     0 | D:1      | Reached XP level 1. HP: 10/10 MP: 6/6
   142 | D:1      | Reached XP level 2. HP: 15/15 MP: 2/8
   685 | D:1      | Reached skill level 4 in Fire Magic
   748 | D:1      | Reached XP level 3. HP: 19/19 MP: 7/9
  1703 | D:2      | Found an iron altar of Okawaru.
  1956 | D:2      | Found a basalt altar of Yredelemnul.
  2058 | D:3      | Noticed Grinder
  2070 | D:3      | Paralysed by Grinder for 6 turns
  2077 | D:3      | Killed Grinder
  2078 | D:3      | Reached skill level 5 in Fire Magic
  2078 | D:3      | Reached XP level 4. HP: 9/24 MP: 1/10
  2078 | D:3      | Reached XP level 5. HP: 10/28 MP: 1/11
  2272 | D:3      | Learned a level 3 spell: Conjure Flame
  2277 | D:3      | Learned a level 4 spell: Sticky Flame
  2525 | D:3      | Reached XP level 6. HP: 13/32 MP: 4/12
  3371 | D:3      | Reached skill level 5 in Conjurations
  3554 | D:4      | Reached skill level 6 in Fire Magic
  3842 | D:4      | Found a shimmering blue altar of Sif Muna.
  3948 | D:4      | Became a worshipper of Sif Muna the Loreminder
  4289 | D:4      | Reached XP level 7. HP: 36/36 MP: 7/13
  4652 | D:4      | Found a bloodstained altar of Trog.
  4992 | D:4      | Found a sacrificial altar of Ru.
  5206 | D:5      | Entered Level 5 of the Dungeon
  5210 | D:5      | Reached skill level 7 in Fire Magic
  5288 | D:5      | Found Peedem's Distillery.
  5295 | D:5      | Bought a potion of heal wounds for 55 gold pieces
  5765 | D:5      | Learned a level 5 spell: Fireball
  5916 | D:5      | Reached * piety under Sif Muna
  6201 | D:4      | Reached XP level 8. HP: 18/42 MP: 3/15
  6446 | D:5      | Reached skill level 1 in Evocations
  6629 | D:5      | Reached skill level 1 in Invocations
  6631 | D:5      | Reached skill level 1 in Fighting
  6768 | D:5      | Reached skill level 8 in Fire Magic
  7300 | D:5      | Reached ** piety under Sif Muna
  7459 | D:5      | Hit by a boomerang thrown by a gnoll

Illustrated notes

Levels and vault maps discovered:
D:1:      ncdulo_smallfort, layout_rooms, kennysheep_boxes
D:2:      layout_loops_ring, lemuel_coloured_pillars_altar,
          yredelemnul_forgotten_temple_becter
D:3:      layout_basic, minmay_misc_feat_four_crosses, uniq_grinder
D:4:      layout_loops_corners, overflow_temple_1_default,
          kennysheep_little_box, led_sif_pool
D:5:      layout_cave_pools, grunt_temple_overflow_diamond,
          general_overflow_altar, serial_gnoll_camp, gnoll_camp_huts_moat,
          gnoll_camp_mini_house, gnoll_camp_mini_basic, gnoll_camp_medium_02,
          serial_shops, shop, minmay_misc_feat_enclosed

Skill      XL: |  1  2  3  4  5  6  7  8 |
---------------+-------------------------+-----
Conjurations   | 2 4 5 6 7 |  7.6
Fire Magic     | 4 5 6 7 8 |  8.4
Evocations     | 1 |  1.1
Dodging        | 3 |  3.6
Invocations    | 2 |  2.8
Fighting       | 1 |  1.6
Stealth        | |  2.4
Spellcasting   | |  3.7

Action                   |  1- 3 |  4- 6 |  7- 9 || total
-------------------------+-------+-------+-------++-------
Melee: Dagger            |     6 |     4 |     6 ||    16
       Staff             |       |       |     2 ||     2
 Cast: Foxfire           |    68 |    80 |   171 ||   319
       Sticky Flame      |       |     2 |     6 ||     8
       Conjure Flame     |       |       |     4 ||     4
       Fireball          |       |       |     1 ||     1
  Use: Scroll            |       |    15 |     1 ||    16
 Stab: Sleeping          |       |     1 |       ||     1
Armor: Robe              |     7 |     1 |     9 ||    17
Dodge: Dodged            |    22 |    11 |    49 ||    82

Table legend: (Time is in decaauts)
 A = Elapsed time spent in this place.
 B = Non-inter-level travel time spent in this place.
 C = Inter-level travel time spent in this place.
 D = Time resting spent in this place.
 E = Time spent auto-exploring this place.
 F = Levels seen in this place.
 G = Mean time per level.
                   A        B        C        D        E       F      G
               +--------+--------+--------+--------+--------+-----+--------+
         Total |   7455 |   7238 |    217 |   3279 |   2728 |   5 | 1491.0 |
       Dungeon |   7455 |   7238 |    217 |   3279 |   2728 |   5 | 1491.0 |
               +--------+--------+--------+--------+--------+-----+--------+

Top non-repeatable levels by time:
     D:4: 2042 daAuts
     D:5: 1903 daAuts
     D:3: 1454 daAuts
     D:2: 1029 daAuts
     D:1: 1026 daAuts
